 Dungeon Crawl Stone Soup version 0.27-a0-1347-gd8886f0a89 (webtiles) character file.

Game seed: 9737196280525320519

39 Brandom the Sneak (level 3, -3/31 HPs)
             Began as a Demigod Delver on June 27, 2021.
             Slain by a gnoll (8 damage)
             ... on level 4 of the Dungeon.
             The game lasted 00:02:07 (570 turns).

Brandom the Sneak (Demigod Delver)                   Turns: 570, Time: 00:02:08

Health: -3/31      AC:  3    Str: 17    XL:     3   Next: 11%
Magic:  5/5        EV: 12    Int: 12    God:
Gold:   30         SH:  0    Dex: 15    Spells: 2/2 levels left

rFire    . . .     SeeInvis .   a - +1 mace
rCold    . . .     Faith    .   (no shield)
rNeg     . . .     Spirit   .   b - +0 leather armour
rPois    .         Reflect  .   (no helmet)
rElec    .         Harm     .   (no cloak)
rCorr    .         Rampage  .   (no gloves)
Will     .....                  (no boots)
Stlth    +++.......             (no amulet)
HPRegen  0.10/turn              (no ring)
MPRegen  0.09/turn              (no ring)

@: no status effects
A: high mp 1, forlorn
a: no special abilities


You were on level 4 of the Dungeon.
You visited 1 branch of the dungeon, and saw 2 of its levels.

You collected 30 gold pieces.

Inventory:

Hand Weapons
 a - a +1 mace (weapon)
Armour
 b - a +0 leather armour (worn)
Jewellery
 e - an amulet of magic regeneration
   (You found it on level 5 of the Dungeon)
 h - a ring of resist corrosion
   (You found it on level 4 of the Dungeon)
Wands
 g - a wand of charming (10)
   (You found it on level 5 of the Dungeon)
 v - a wand of digging (3)
Scrolls
 c - a scroll of fog
 d - a scroll of magic mapping
Potions
 f - a potion of attraction {unknown}
 j - 2 potions of experience {unknown}
 k - a potion of might {unknown}


   Skills:
 * Level 3.1 Fighting
 * Level 2.4 Maces & Flails
 + Level 0.9 Armour
 + Level 2.1 Dodging
 - Level 4.5 Stealth


You had 2 spell levels left.
You didn't know any spells.
Your spell library was empty.

Dungeon Overview and Level Annotations

Branches:
Dungeon (5/15)
 Temple: D:4-7


Innate Abilities, Weirdness & Mutations

Your attributes grow dramatically as you level up.
You have an increased reservoir of magic. (+10% MP)
You shall have no god before yourself.


Message History

Unknown command.
You hit the adder but do no damage. The adder completely misses you.
Unknown command.
You miss the adder. The adder barely misses you.
Unknown command.
You hit the adder.
You kill the adder!
You have reached level 3!
Your experience leads to a dramatic increase in your attributes!
Increase (S)trength, (I)ntelligence, or (D)exterity?
You feel stronger. x4
You start resting.
Your extra speed is starting to run out.
You feel yourself slow down.
You start resting.
You hear the slow rusting of a drain nearby. x4
f - a sapphire potion 3 gnolls come into view.
Unknown command.
The gnoll shouts!
You hear a shout! x2
A gnoll comes into view. It is wielding a +0 halberd.
The gnoll shouts!
An orc comes into view. It is wielding a +0 mace.
You hear the slow rusting of a drain nearby.
The orc shouts!
The gnoll shouts!
An ogre comes into view. It is wielding a +0 giant club.
The orc cheers repeatedly.
Unknown command.
A worm comes into view.
The orc hits you with a +0 mace.
Found 12 gold pieces.
Found a bone ring.
As you read the scroll of fear, it crumbles to dust.
You assume a fearsome visage.
The ogre looks frightened!
The orc looks frightened!
The worm looks frightened!
The gnoll looks frightened! x4
You see here a ring of resist corrosion.
h - a ring of resist corrosion The gnoll hits you from afar with a +0 halberd.
The gnoll closely misses you. The ogre hits you with a +0 giant club!
* * * LOW HITPOINT WARNING * * *
As you read the scroll labelled APNIDUXKA, it crumbles to dust.
It is a scroll of enchant weapon.
Your +0 mace glows red for a moment.
The gnoll closely misses you. The ogre hits you with a +0 giant club!
* * * LOW HITPOINT WARNING * * *
The gnoll hits you from afar with a +0 halberd!
You die...

#............
#..........##
#..........#
#..........#
#..........#
#..........######
#...........g...#
#...........g...#
#........g..@O..#
#.............g.#
#..........w....#
#...............#
#.............###
#.............#
#..$..........#
#.............#
#.............#


You could see an ogre, a worm and 4 gnolls.

Vanquished Creatures
  A centaur skeleton (D:5)
  An adder (D:4)
  A jackal (D:4)
3 creatures vanquished.

Notes
Turn   | Place    | Note
-------+----------+-------------------------------------------
     0 | D:5      | Brandom the Demigod Delver began the quest for the Orb.
     0 | D:5      | Reached XP level 1. HP: 18/18 MP: 3/3
    38 | D:5      | Noticed a water moccasin zombie
    65 | D:5      | Reached XP level 2. HP: 17/26 MP: 4/4
   278 | D:4      | Reached XP level 3. HP: 10/31 MP: 5/5
   525 | D:4      | Noticed an ogre
   570 | D:4      | Slain by a gnoll

Illustrated notes

Levels and vault maps discovered:
D:4:      kennysheep_the_goblin_king, layout_gridville, minitemple,
          portal_sewer_entry_d, uniq_eustachio
D:5:      layout_rooms, hangedman_minor_gate_pass

Skill      XL: |  1 |
---------------+----+-----
Fighting       | 3 |  3.1
Maces & Flails | 2 |  2.4
Dodging        | 2 |  2.1
Armour         | |  0.9
Stealth        | |  4.5

Action                   || total
-------------------------++-------
Melee: Mace              ||    23
  Use: Potion            ||     1
       Scroll            ||     2
Armor: Leather armour    ||    13
Dodge: Dodged            ||    34

Table legend: (Time is in decaauts)
 A = Elapsed time spent in this place.
 B = Non-inter-level travel time spent in this place.
 C = Inter-level travel time spent in this place.
 D = Time resting spent in this place.
 E = Time spent auto-exploring this place.
 F = Levels seen in this place.
 G = Mean time per level.
                   A        B        C        D        E       F      G
               +--------+--------+--------+--------+--------+-----+--------+
         Total |    560 |    560 |      0 |    208 |    160 |   2 |  280.0 |
       Dungeon |    560 |    560 |      0 |    208 |    160 |   2 |  280.0 |
               +--------+--------+--------+--------+--------+-----+--------+

Top non-repeatable levels by time:
     D:4: 300 daAuts
     D:5: 259 daAuts
